 Dungeon Crawl Stone Soup version 0.21.1-1-g345015fe64 (webtiles) character file.

5 Gargoyl the Skirmisher (level 1, -2/19 HPs)
             Began as a Centaur Abyssal Knight on June 16, 2018.
             Was a Follower of Lugonu.
             Slain by an apocalypse crab (5 damage)
             ... on level 1 of the Abyss.
             The game lasted 00:00:52 (236 turns).

Gargoyl the Skirmisher (Centaur Abyssal Knight)      Turns: 236, Time: 00:00:53

Health: -2/19      AC:  5    Str: 19    XL:     1   Next: 66%
Magic:  2/2        EV: 23    Int: 11    God:    Lugonu [*.....]
Gold:   42         SH:  0    Dex: 13    Spells: 0/0 levels left

rFire    + + .     SeeInvis .   (weapon currently unavailable)
rCold    + + .     Gourm    .   (shield currently unavailable)
rNeg     + + +     Faith    .   (armour currently unavailable)
rPois    ∞         Spirit   .   (helmet currently unavailable)
rElec    +         Reflect  .   (cloak currently unavailable)
rCorr    +         Harm     .   (gloves currently unavailable)
MR       .....                  (no barding)
Stlth    ++........             (amulet currently unavailable)
HPRegen  0.06/turn              (ring currently unavailable)
MPRegen  0.08/turn              (ring currently unavailable)

@: mighty, agile, lethally poisoned (-2 -> -2), wisp-form (expiring), berserk
cooldown, flying, very slightly contaminated, hasted and slowed, invisible,
quick
A: tiny
a: Depart the Abyss, Renounce Religion


You were on level 1 of the Abyss.
You worshipped Lugonu.
Lugonu was aware of your devotion.
You were not hungry.
You were an insubstantial wisp.
You visited 0 branches of the dungeon, and saw 0 of its levels.
You visited the Abyss 1 time.

You collected 42 gold pieces.

Inventory:

Hand Weapons
 a - a +1 hand axe (melded)
Armour
 b - a +0 leather armour (melded)
Scrolls
 d - a scroll of identify
 e - a scroll of immolation {unknown}
Potions
 f - a potion of curing {unknown}
Comestibles
 c - 2 rations


   Skills:
 + Level 3.2 Fighting
 + Level 1.8 Axes
 + Level 1.4 Armour
 + Level 0.6 Dodging
 + Level 2.0 Invocations


You couldn't memorise any spells.
You didn't know any spells.

Dungeon Overview and Level Annotations

Branches:
Dungeon (0/15)

Altars:


Innate Abilities, Weirdness & Mutations

((You have hooves in place of feet.))
((Armour fits poorly on your strangely shaped body.))
((You cover ground very quickly.))
((You have extremely tough skin. (AC +3)))


Message History

Deactivating autopickup; reactivate with Ctrl-A.
A blast of chaos appears from out of thin air!
The blast of chaos engulfs you!
You are unaffected.
You touch something.
You are engulfed in seething chaos.
You fade into invisibility!
You are very lightly contaminated with residual magic.
Something barely misses you. Something claws you but does no damage.
Unknown command.
You touch something.
Something bites you.
You are engulfed in flames.
You resist. Something closely misses you.
Unknown command.
You touch something.
Something bites you but does no damage. Something misses you.
Unknown command.
You barely miss something. Something bites you but does no damage.
Something misses you.
You closely miss something. Something barely misses you. Something claws you.
* * * LOW HITPOINT WARNING * * *
Something freezes you. You resist.
You die...

. ... ## ##.##.
# #. .. #
..#......## #.
## . #
#..#.#...####
.#. # .. #
......... . .
..# . .
#.##..##.## #§.
.# .#.
#.......## # #
#..#.....#..#
##.#..{.###§.#
#. .#v#§..# .
##...###..###t#
##.## .## . ##.
## #. ## .#


There were no monsters in sight!

Vanquished Creatures
  An ufetubus (Abyss:1)
1 creature vanquished.

Vanquished Creatures (others)
  4 starspawn tentacles (Abyss:1)
4 creatures vanquished.

Grand Total: 5 creatures vanquished

Notes
Turn   | Place    | Note
-------+----------+-------------------------------------------
     0 | Abyss:1  | Gargoyl the Centaur Abyssal Knight began the quest for the Orb.
     0 | Abyss:1  | Reached XP level 1. HP: 19/19 MP: 2/2
    59 | Abyss:1  | Found a corrupted altar of Lugonu.
   119 | Abyss:1  | Noticed a tentacled starspawn
   123 | Abyss:1  | Noticed an iron imp
   133 | Abyss:1  | Noticed an iron imp
   136 | Abyss:1  | Noticed a small abomination
   207 | Abyss:1  | Noticed an apocalypse crab
   236 | Abyss:1  | Slain by an apocalypse crab

Action                   || total
-------------------------++-------
Melee: Unarmed           ||     7
       Hand axe          ||     1
       Kick              ||     1
  Use: Scroll            ||     2
Armor: Leather armour    ||     4
       Skin              ||     3
Dodge: Dodged            ||    11
